 Dungeon Crawl Stone Soup version 0.25-a0-614-g73ad250637 (webtiles) character file.

Game seed: 17979904233850392143, levelgen mode: deterministic

30 kae the Insei (level 3, -2/29 HPs)
             Began as a Demonspawn Monk on Mar 17, 2020.
             Slain by a centaur (6 damage)
             ... on level 2 of the Dungeon.
             The game lasted 00:01:00 (896 turns).

kae the Insei (Demonspawn Monk)                      Turns: 896, Time: 00:01:01

Health: -2/29      AC:  2    Str: 12    XL:     3   Next: 3%
Magic:  3/3        EV: 13    Int: 11    God:
Gold:   13         SH:  0    Dex: 15    Spells: 2/2 levels left

rFire    . . .     SeeInvis .     - Unarmed
rCold    . . .     Gourm    .   (no shield)
rNeg     . . .     Faith    .   a - +0 robe
rPois    .         Spirit   .   (no helmet)
rElec    .         Reflect  .   (no cloak)
rCorr    .         Harm     .   (no gloves)
MR       .....                  (no boots)
Stlth    +++.......             (no amulet)
HPRegen  0.09/turn              (no ring)
MPRegen  0.08/turn              (no ring)

@: no status effects
A: nightstalker 1, powered by pain 1
a: no special abilities


You were on level 2 of the Dungeon.
You were not hungry.

You visited 1 branch of the dungeon, and saw 3 of its levels.

You collected 13 gold pieces.

Inventory:

Armour
 a - a +0 robe (worn)
Comestibles
 b - a ration
 f - 3 chunks of flesh


   Skills:
 + Level 3.4 Fighting
 - Level 2.6 Dodging
 - Level 1.7 Stealth
 * Level 3.5 Unarmed Combat


You had 2 spell levels left.
You didn't know any spells.
Your spell library was empty.

Dungeon Overview and Level Annotations

Branches:
Dungeon (3/15)

Altars:
Trog


Innate Abilities, Weirdness & Mutations

You are slightly more attuned to the shadows.
You sometimes gain a little power by taking damage.


Message History

You are too injured to fight recklessly!
You are too injured to fight recklessly!
You are too injured to fight recklessly!
You are too injured to fight recklessly!
You are too injured to fight recklessly!
You are too injured to fight recklessly!
You closely miss the centaur. The centaur hits you.
You hit the centaur.
The centaur is moderately wounded.
The centaur hits you.
* * * LOW HITPOINT WARNING * * *
The centaur misses you.
You barely miss the centaur.
The centaur is moderately wounded.
The centaur hits you.
* * * LOW HITPOINT WARNING * * *
You hit the centaur but do no damage.
The centaur is moderately wounded.
The centaur hits you.
You die...

......# .######
.#### .. ....# .#
..#.# # ##. #
##(.# #.#.. .#
#..# #.#?##..#
##..# #.c.....#
..#.# #@# ....#
#.# .####
########.# .####
#....%.#.# #...#
#.#....#.#
..#.#####.#.#..#.#
#.#..............#
..#######.####.###
### #†####.#


You could see a centaur.

Vanquished Creatures
  An adder (D:2)
  A worm (D:2)
  An orc (D:2)
  A bat (D:2)
  A goblin (D:2)
  5 hobgoblins (D:2)
  3 jackals (D:2)
  A frilled lizard (D:2)
  A rat (D:1)
15 creatures vanquished.

Notes
Turn   | Place    | Note
-------+----------+-------------------------------------------
     0 | D:1      | kae the Demonspawn Monk began the quest for the Orb.
     0 | D:1      | Reached XP level 1. HP: 18/18 MP: 1/1
    46 | D:1      | You fall into a shaft and drop 1 floor!
    69 | D:2      | Gained mutation: You sometimes gain a little power by
                  | taking damage. [demonic ancestry]
    69 | D:2      | Reached XP level 2. HP: 6/24 MP: 2/2
   367 | D:2      | You fall into a shaft and drop 1 floor!
   855 | D:2      | Found a bloodstained altar of Trog.
   863 | D:2      | Gained mutation: You are slightly more attuned to the
                  | shadows. [demonic ancestry]
   863 | D:2      | Reached XP level 3. HP: 27/29 MP: 3/3
   885 | D:2      | Noticed a centaur
   896 | D:2      | Slain by a centaur

Levels and vault maps discovered:
D:1:      dpeg_arrival_boxes_within_box, layout_loops_corners
D:2:      layout_loops_cross, lemuel_crystal_altar, nrook_mini_vaults
D:3:      layout_basic, overflow_temple_1_default

Skill      XL: |  1 |
---------------+----+-----
Unarmed Combat | 3 |  3.5
Fighting       | |  3.4
Dodging        | |  2.6
Stealth        | |  1.7

Action                   || total
-------------------------++-------
Melee: Unarmed           ||    71
       Punch             ||     3
  Use: Scroll            ||     2
 Stab: Sleeping          ||     4
Armor: Robe              ||    10
Dodge: Dodged            ||    33

Table legend:
 A = Non-vault XP
 B = Vault XP
 C = Vault XP percentage of total XP
 D = Non-vault monster count
 E = Vault monster count
 F = Vault count percentage of total count
                 A         B        C        D         E       F
            +---------+---------+-------+---------+---------+-------
      Total |      43 |       0 |   0.0 |      15 |       0 |   0.0
            +---------+---------+-------+---------+---------+-------
        D:1 |       1 |       0 |   0.0 |       1 |       0 |   0.0
        D:2 |      42 |       0 |   0.0 |      14 |       0 |   0.0
            +---------+---------+-------+---------+---------+-------
